 Dungeon Crawl Stone Soup version 0.26.1-2-gb8aa6d0cf2 (webtiles) character file.

Game seed: 17013183877979596100

2545 0gre the Chiller (level 9, -3/62 HPs)
             Began as a Demonspawn Ice Elementalist on Mar 1, 2021.
             Was an Elder of Cheibriados.
             Slain by a yak (11 damage)
             ... on level 8 of the Dungeon on Mar 2, 2021.
             The game lasted 00:39:38 (8138 turns).

0gre the Chiller (Demonspawn Ice Elementalist)      Turns: 8138, Time: 00:39:39

Health: -3/62      AC:  5    Str: 21    XL:     9   Next: 30%
Magic:  8/15       EV: 17    Int: 26    God:    Cheibriados [****..]
Gold:   420        SH:  5    Dex: 22    Spells: 12/17 levels left

rFire    . . .     SeeInvis .   a - +1 mace (vorpal)
rCold    . . .     Faith    .   (no shield)
rNeg     . . .     Spirit   .   B - +0 robe
rPois    .         Reflect  +   t - +1 helmet
rElec    .         Harm     .   (no cloak)
rCorr    .         Rampage  .   (no gloves)
Will     .....                  z - +0 pair of boots
Stlth    +++.......             r - amulet of reflection
HPRegen  0.20/turn              (no ring)
MPRegen  0.14/turn              (no ring)

@: about to teleport, marked, very slow
A: repulsion field 2, spiny 2
a: Renounce Religion, Bend Time, Temporal Distortion, Slouch


You were on level 8 of the Dungeon.
You worshipped Cheibriados.
Cheibriados was greatly pleased with you.
You visited 1 branch of the dungeon, and saw 8 of its levels.

You collected 420 gold pieces.

Inventory:

Hand Weapons
 a - a +1 vorpal mace (weapon)
 b - a +0 shortbow
 c - a +0 quarterstaff
Missiles
 p - 51 arrows
 s - 35 poisoned darts
 y - 49 bolts
 A - 3 boomerangs (quivered)
 J - 168 stones
Armour
 t - a +1 helmet (worn)
 v - a +1 leather armour of willpower
 z - a +0 pair of boots (worn)
 B - a +0 robe (worn)
Magical Staves
 e - an uncursed staff of death
Jewellery
 r - an amulet of reflection (around neck)
Wands
 D - a wand of flame (15)
 G - a wand of paralysis (11)
Scrolls
 d - a scroll of magic mapping
 f - 3 scrolls of remove curse
 h - a scroll of enchant weapon {unknown}
 o - a scroll of noise {unknown}
 q - 2 scrolls of fear
 u - a scroll of random uselessness {unknown}
 x - 3 scrolls of teleportation
 H - a scroll of fog
Potions
 g - a potion of might
 i - 2 potions of resistance {unknown}
 j - a potion of degeneration {unknown}
 k - a potion of heal wounds {unknown}
 l - a potion of lignification {unknown}
 m - 3 potions of mutation
 n - 7 potions of curing
 w - 2 potions of ambrosia {unknown}
 C - 2 potions of attraction {unknown}
 E - a potion of brilliance {unknown}
 F - a potion of flight {unknown}


   Skills:
 + Level 2.8 Fighting
 + Level 0.3 Short Blades
 + Level 3.7 Maces & Flails
 + Level 4.6 Bows
 + Level 1.6 Throwing
 * Level 5.0 Armour
 + Level 3.2 Dodging
 + Level 3.4 Stealth
 + Level 1.2 Shields
 + Level 4.6 Spellcasting
 + Level 0.3 Conjurations
 + Level 5.2 Ice Magic
 + Level 2.1 Invocations


You had 12 spell levels left.
You knew the following spells:

 Your Spells              Type           Power        Failure   Level
a - Freeze                Ice            100%         1%          1
b - Frozen Ramparts       Ice            66%          2%          3
q - Magic Dart            Conj           28%          7%          1

Your spell library contained the following spells:

 Spells                   Type           Power        Failure   Level
 Ozocubu's Armour         Ice            33%          2%          3
 Blink                    Tloc           N/A          12%         2
 Call Imp                 Summ           5%           12%         2
 Slow                     Hex            5%           12%         2
 Conjure Flame            Conj/Fire      6%           22%         3
 Mephitic Cloud           Conj/Pois/Air  6%           22%         3
 Hailstorm                Conj/Ice       20%          26%         4
 Summon Ice Beast         Ice/Summ       19%          26%         4


Dungeon Overview and Level Annotations

Branches:
Dungeon (8/15)             Temple (0/1) D:7
   Lair: D:8-11

Altars:
Cheibriados
Fedhas
Makhleb
Okawaru
Ru
Trog
Xom
Zin

Annotations:
D:6 3 runed translucent doors, exclusion: oklob plant, Alvadar's ghost, novice DECj; Eli's ghost, novice OpTm; Gadfly's ghost, novice TrBe; Havoc's ghost, novice DrAE
D:8 Harold


Innate Abilities, Weirdness & Mutations

You are surrounded by a moderate repulsion field. (EV +3)
You are mostly covered in sharp spines.


Message History

As you read the scroll of teleportation, it crumbles to dust.
You feel strangely unstable. The yak gores you.
* * * LOW HITPOINT WARNING * * *
Harold points at you and mumbles some strange words.
A sentinel's mark forms upon you. You block the gnoll's attack.
Unknown command.
The flow of time bends around you.
Cheibriados rebukes the yak.
The yak seems to slow down.
Cheibriados rebukes Harold.
Harold seems to slow down.
Cheibriados lowers the support of your attributes as your movement quickens.
The yak is struck by your spines. The yak gores you but does no damage.
The orc wizard gestures wildly while chanting.
The orc wizard seems to speed up.
Harold gestures at you while chanting. The mark upon you grows brighter.
The gnoll completely misses you. The yak is struck by your spines.
The yak gores you!
You die...

.#.......# ..#
.........###..##
...............#
................
#....>.........
##.............
##?......@......
#......@.l.o....
###.....YYg.Y...
##...oYYg.....
####(oogo....
#.........
..........
##.........
..........
#........


You could see Harold (slow), 5 yaks, an orc warrior, an orc priest, an orc
wizard (fast), 3 gnolls, 2 orcs and a leopard gecko.

Vanquished Creatures
  Sigmund (D:4)
  2 ice beasts
  2 sky beasts
  A phantom (D:5)
  3 centaurs
  2 bullfrogs
  A wyvern skeleton (D:8)
  3 scorpions
  11 killer bees (D:7)
  3 howler monkeys
  2 hounds
  3 orc priests
  A centaur skeleton (D:4)
  5 orc wizards
  7 worker ants
  2 killer bee zombies
  A hound zombie (D:6)
  2 hound skeletons
  3 worker ant zombies
  3 adders
  A howler monkey skeleton (D:5)
  2 white imps (D:5)
  An ufetubus (D:7)
  3 oozes
  2 adder skeletons
  3 worms (D:2)
  3 dart slugs
  A leopard gecko (D:5)
  31 orcs
  5 giant cockroaches
  4 goblins
  7 hobgoblins
  2 jackals (D:2)
  4 kobolds
  2 quokkas
  2 ball pythons
  6 bats
  5 frilled lizards
  A jackal skeleton (D:4)
  3 rats
146 creatures vanquished.

Vanquished Creatures (others)
  6 bushes (D:4)
6 creatures vanquished.

Grand Total: 152 creatures vanquished

Notes
Turn   | Place    | Note
-------+----------+-------------------------------------------
     0 | D:1      | 0gre the Demonspawn Ice Elementalist began the quest for
                  | the Orb.
     0 | D:1      | Reached XP level 1. HP: 13/13 MP: 3/3
   279 | D:1      | Gained mutation: You are surrounded by a mild repulsion
                  | field. (EV +2) [demonic ancestry]
   279 | D:1      | Reached XP level 2. HP: 17/19 MP: 3/5
   935 | D:2      | Reached XP level 3. HP: 21/24 MP: 3/6
   984 | D:2      | Found a snail-covered altar of Cheibriados.
  1006 | D:2      | Became a worshipper of Cheibriados the Contemplative
  1021 | D:2      | Found a sacrificial altar of Ru.
  1362 | D:2      | Found an iron altar of Okawaru.
  1443 | D:2      | Learned a level 3 spell: Frozen Ramparts
  2250 | D:3      | Gained mutation: You are partially covered in sharp spines.
                  | [demonic ancestry]
  2250 | D:3      | Reached XP level 4. HP: 30/30 MP: 7/7
  2352 | D:3      | Found a glowing silver altar of Zin.
  2548 | D:3      | Reached skill level 1 in Maces & Flails
  2557 | D:3      | Reached * piety under Cheibriados
  2668 | D:3      | Found a burning altar of Makhleb.
  3056 | D:4      | Gained mutation: You are surrounded by a moderate repulsion
                  | field. (EV +3) [demonic ancestry]
  3056 | D:4      | Reached XP level 5. HP: 22/35 MP: 9/9
  3297 | D:4      | Reached skill level 1 in Armour
  3297 | D:4      | Gained mutation: You are mostly covered in sharp spines.
                  | [demonic ancestry]
  3297 | D:4      | Reached XP level 6. HP: 42/42 MP: 9/11
  3508 | D:4      | Reached skill level 1 in Fighting
  3609 | D:4      | Reached skill level 1 in Throwing
  3742 | D:4      | Found a blossoming altar of Fedhas.
  3801 | D:4      | Reached ** piety under Cheibriados
  4004 | D:4      | Found a bloodstained altar of Trog.
  4111 | D:4      | Reached XP level 7. HP: 46/48 MP: 12/12
  4382 | D:4      | Noticed Sigmund
  4391 | D:4      | Killed Sigmund
  4392 | D:4      | Reached skill level 1 in Bows
  4494 | D:5      | Entered Level 5 of the Dungeon
  4967 | D:5      | Reached XP level 8. HP: 56/56 MP: 11/14
  5044 | D:5      | Reached *** piety under Cheibriados
  5289 | D:5      | Reached skill level 1 in Invocations
  5854 | D:6      | Noticed an oklob plant
  6114 | D:6      | Reached skill level 5 in Ice Magic
  6762 | D:6      | Found a runed translucent gate.
  6762 | D:6      | Found a runed translucent gate.
  6764 | D:6      | Found a runed translucent gate.
  6764 | D:6      | Noticed Havoc's ghost (novice DrAE)
  6765 | D:6      | Noticed Gadfly's ghost (novice TrBe)
  6766 | D:6      | Noticed Eli's ghost (novice OpTm)
  6766 | D:6      | Noticed Alvadar's ghost (novice DECj)
  6852 | D:7      | Found a shimmering altar of Xom.
  6861 | D:7      | Learned a level 1 spell: Magic Dart
  6891 | D:7      | Found a staircase to the Ecumenical Temple.
  7137 | D:7      | Reached skill level 1 in Shields
  7144 | D:7      | Reached **** piety under Cheibriados
  7392 | D:7      | Reached XP level 9. HP: 62/62 MP: 12/15
  8007 | D:8      | Got an encrusted dagger
  8134 | D:8      | Reached skill level 5 in Armour
  8136 | D:8      | Noticed Harold
  8138 | D:8      | Slain by a yak

Illustrated notes

Levels and vault maps discovered:
D:1:      moated_graveyard_arrival, layout_rooms, serial_glass, glass_columns_a,
          glass_columns_a, item_on_display_a, minmay_strange_pillars
D:2:      layout_basic, lemuel_crystal_altar, kennysheep_slug_shrine,
          kennysheep_decorative_pillar, okawaru_ov_weapons_minmay
D:3:      layout_loops_ring, lemuel_coloured_pillars_altar, zin_treasury
D:4:      minmay_razor_zed, layout_loops_ring, marbit_many_paths, minivault_4,
          fedhas_bush_and_centaur_altar, uniq_sigmund
D:5:      layout_basic, ebering_dispersal_statue_hall
D:6:      layout_cave_pods, gammafunk_ghost_cemetery, minmay_crystal_room,
          lemuel_oklob_altar
D:7:      layout_loops_corners, nicolae_overflow_crystal_walls,
          minmay_temple_entry_stoned_glass
D:8:      layout_cave_pools, lair_entry_dummy, uniq_harold, uniq_erica

Skill      XL: |  1  2  3  4  5  6  7  8  9 |
---------------+----------------------------+-----
Ice Magic      | 4 5 |  5.2
Dodging        | 2 3 |  3.2
Stealth        | 2 3 |  3.4
Maces & Flails | 1 2 3 |  3.7
Spellcasting   | 3 4 |  4.6
Armour         | 1 2 4 5 |  5.0
Fighting       | 1 2 |  2.8
Throwing       | 1 |  1.6
Bows           | 2 4 |  4.6
Invocations    | 2 |  2.1
Shields        | 1 |  1.2
Short Blades   | |  0.3
Conjurations   | |  0.3

Action                   |  1- 3 |  4- 6 |  7- 9 || total
-------------------------+-------+-------+-------++-------
Melee: Dagger            |    30 |       |       ||    30
       Mace              |    46 |    70 |    78 ||   194
       Quarterstaff      |       |       |    13 ||    13
 Fire: Shortbow          |       |    18 |    81 ||    99
Throw: Stone             |    21 |     4 |       ||    25
       Boomerang         |       |     5 |     3 ||     8
 Cast: Freeze            |    36 |     9 |    10 ||    55
       Frozen Ramparts   |     3 |     5 |    13 ||    21
       Magic Dart        |       |       |    26 ||    26
Invok: Bend Time         |       |       |     1 ||     1
  Use: Scroll            |       |     5 |     7 ||    12
 Stab: Sleeping          |     4 |       |     3 ||     7
Armor: Robe              |    15 |     9 |    17 ||    41
Dodge: Dodged            |    66 |    41 |   101 ||   208
Block: Other             |       |    15 |    38 ||    53
       Reflection        |       |     2 |     5 ||     7
